Map: Emerald City CE

Players

Darhaal

  • Race: Protoss Protoss
  • Spawn Location: 5:00

Artcor

  • Race: Zerg Zerg
  • League: Platinum
  • Spawn Location: 5:00

Ekelpack

  • Race: Zerg Zerg
  • Spawn Location: 11:00

Nyck

  • Race: Terran Terran
  • Spawn Location: 11:00

VOD

Have the link to the VOD?

Description

Time

  • Played on: Dec. 18, 2024, 2:46 p.m.
  • Length: 12:44
Show
View Real Time Build Order
Export as new Build Order

Darhaal Protoss 

Build Orders:  

Get SALT Encoding   

  1  0:00  Probe  
  13  0:13  Pylon  
  13  0:17  Probe  
  14  0:29  Probe  
  14  0:35  Gateway  
  15  0:41  Probe  
  16  0:45  Assimilator  
  16  0:53  Probe  
  17  1:00  Gateway  
  17  1:01  Probe  
  17  1:09  Probe  
  19  1:20  Probe  
  19  1:22  Cybernetics Core  
  20  1:30  Pylon  
  20  1:58  Adept  
  20  1:59  Adept  
  24  2:14  Nexus  
  24  2:28  Adept, Probe  
  24  2:29  Adept  
  28  2:31  Assimilator  
  28  2:36  Probe  
  30  2:45  Stargate  
  30  2:47  Probe  
  31  2:55  Pylon  
  31  3:12  Probe  
  31  3:15  Pylon  
  32  3:20  Probe  
  33  3:28  Probe  
  34  3:40  Probe  
  35  3:52  Probe  
  36  4:15  Probe, Stargate  
  36  4:16  Probe  
  36  4:17  Void Ray  
  42  4:19  Pylon  
  42  4:21  Pylon  
  42  4:22  Pylon  
  40  4:27  Probe  
  40  4:28  Probe  
  40  4:38  Stargate  
  38  4:39  Probe, Stargate  
  38  4:40  Probe  
  38  4:50  Assimilator  
  38  4:51  Probe  
  38  4:52  Assimilator, Probe  
  40  5:03  Probe x2  
  42  5:11  Probe x2  
  46  5:14  Void Ray  
  46  5:20  Probe x2  
  50  5:30  Probe x2  
  50  5:35  Void Ray  
  60  5:44  Void Ray  
  56  6:03  Oracle  
  42  6:12  Probe x2  
  44  6:24  Probe x2  
  50  6:28  Void Ray  
  50  6:33  Probe x2  
  52  6:41  Probe x2  
  52  6:42  Protoss Air Weapons Level 1  
  54  6:50  Probe x2  
  60  6:55  Void Ray  
  60  7:02  Probe  
  60  7:03  Probe  
  62  7:14  Probe  
  62  7:15  Probe  
  68  7:21  Void Ray  
  68  7:32  Probe  
  68  7:33  Probe  
  74  7:37  Void Ray  
  74  7:44  Probe  
  74  7:45  Probe  
  80  7:54  Void Ray  
  80  7:57  Probe x2  
  82  8:09  Probe x2  
  84  8:21  Probe x2  
  86  8:35  Void Ray  
  86  8:44  Nexus  
  86  8:47  Assimilator  
  86  8:51  Assimilator  
  86  9:33  Void Ray  
  86  9:38  Fleet Beacon  
  86  9:53  Pylon  
  86  9:55  Probe x2, Pylon  
  86  9:57  Pylon  
  86  9:58  Pylon  
  100  10:00  Pylon  
  100  10:01  Void Ray x3  
  100  10:02  Pylon  
  100  10:05  Pylon  
  100  10:06  Pylon  
  100  10:08  Probe, Pylon  
  100  10:09  Pylon  
  100  10:12  Probe  
  106  10:17  Void Ray  
  106  10:20  Probe  
  107  10:39  Carrier x2  
  127  11:04  Carrier x2  
Show
View Real Time Build Order
Export as new Build Order

Artcor Zerg 

Build Orders: Hatch First 

Get SALT Encoding   

  12  0:01  Drone  
  13  0:12  Overlord  
  13  0:17  Drone  
  14  0:34  Drone x2  
  14  0:35  Drone  
  17  0:53  Drone  
  17  0:56  Hatchery  
  17  0:57  Drone  
  18  1:08  Extractor  
  17  1:12  Spawning Pool  
  17  1:14  Drone  
  17  1:19  Drone  
  18  1:29  Drone  
  19  1:42  Drone  
  20  1:50  Drone  
  21  2:00  Overlord  
  21  2:08  Queen x2  
  21  2:09  Drone  
  21  2:13  Drone  
  27  2:20  Zergling x2  
  28  2:25  Metabolic Boost  
  28  2:27  Zergling x2  
  29  2:34  Zergling x4  
  31  2:46  Zergling x2  
  31  2:47  Zergling x2  
  33  2:52  Zergling x2  
  33  2:55  Overlord  
  34  3:06  Zergling x4  
  36  3:17  Zergling x2  
  36  3:18  Zergling x2  
  38  3:21  Zergling x12  
  44  3:31  Overlord x2  
  42  3:48  Zergling x2  
  42  3:49  Zergling x2  
  38  4:04  Zergling x2  
  38  4:05  Zergling x12  
  41  4:19  Zergling x2  
  41  4:20  Zergling x2  
  40  4:31  Zergling x4  
  35  5:02  Queen  
  35  5:03  Lair  
  37  5:09  Baneling Nest  
  37  5:10  Drone  
  37  5:12  Drone x2  
  37  5:13  Drone x7  
  38  5:36  Zergling x2  
  38  5:37  Zergling x10  
  41  5:49  Zergling x4  
  37  5:56  Baneling x12  
  30  6:20  Zergling x8  
  30  6:21  Zergling x4  
  36  6:41  Queen x2  
  36  6:44  Hatchery  
  36  6:46  Extractor  
  36  6:47  Extractor  
  37  6:49  Hatchery  
  37  6:50  Hydralisk Den  
  35  6:57  Extractor x2  
  33  7:02  Baneling x9  
  33  7:06  Baneling  
  33  7:14  Drone x2, Extractor  
  33  7:15  Drone x2  
  35  7:16  Drone  
  35  7:18  Drone x4  
  41  7:39  Drone x7  
  44  8:10  Hydralisk x5  
  51  8:27  Queen  
  51  8:32  Zergling x2  
  51  8:33  Zergling x12  
  60  8:39  Baneling  
  60  8:41  Centrifugal Hooks  
  60  8:43  Grooved Spines  
  60  8:51  Drone x3  
  63  9:00  Baneling  
  63  9:01  Baneling x5  
  63  9:23  Overlord x7  
  63  9:26  Baneling x4  
  63  9:35  Evolution Chamber  
  63  9:36  Evolution Chamber  
  61  9:42  Infestation Pit  
  60  9:46  Extractor  
  60  9:47  Extractor  
  58  9:55  Drone x4  
  58  9:56  Drone  
  63  10:01  Zerg Missile Weapons Level 1  
  63  10:03  Baneling  
  63  10:04  Baneling  
  63  10:05  Baneling  
  63  10:06  Baneling  
  63  10:16  Zerg Ground Armor Level 1  
  63  10:21  Hydralisk  
  63  10:24  Zergling x2  
  63  10:27  Zergling x2  
  67  10:30  Zergling x2  
  68  10:37  Drone x4  
  68  10:40  Drone x2  
  74  10:43  Drone  
  74  10:49  Hydralisk  
  77  11:12  Hydralisk  
  77  11:13  Hydralisk x5  
  58  11:35  Hydralisk x6  
  58  11:37  Zergling x2  
  56  11:47  Hydralisk x10  
  76  11:55  Zergling x12  
Show
View Real Time Build Order
Export as new Build Order

Ekelpack Zerg 

Build Orders: Hatch First, Roach Hydra 

Get SALT Encoding   

  12  0:00  Drone  
  13  0:12  Overlord  
  13  0:17  Drone  
  14  0:32  Drone  
  15  0:45  Hatchery  
  15  0:48  Drone  
  15  1:04  Spawning Pool  
  14  1:06  Drone  
  15  1:13  Extractor  
  15  1:14  Drone  
  15  1:16  Drone  
  16  1:20  Drone  
  17  1:28  Drone  
  18  1:39  Drone  
  19  1:50  Queen  
  21  1:57  Queen  
  21  1:59  Drone  
  24  2:06  Drone  
  24  2:08  Drone  
  26  2:11  Drone  
  27  2:18  Overlord  
  27  2:29  Roach Warren  
  26  2:32  Drone  
  26  2:33  Drone  
  28  2:41  Drone x2, Extractor  
  28  2:43  Drone  
  30  2:44  Drone  
  30  2:50  Drone  
  32  2:55  Drone  
  33  3:03  Drone x3  
  36  3:10  Overlord  
  36  3:17  Evolution Chamber  
  36  3:18  Drone  
  36  3:29  Drone x3  
  36  3:32  Overlord x2  
  39  3:39  Roach x3  
  39  3:40  Roach  
  43  3:55  Roach x4  
  49  3:56  Roach  
  51  4:09  Roach x4  
  49  4:18  Queen  
  47  4:30  Roach x3  
  47  4:31  Roach  
  47  4:43  Drone x2  
  47  4:44  Drone  
  49  4:50  Drone x4  
  53  5:00  Queen  
  53  5:04  Drone  
  56  5:12  Lair  
  56  5:19  Drone x2  
  58  5:24  Overlord  
  58  5:25  Overlord  
  56  5:58  Roach x4  
  56  5:59  Roach x3  
  62  6:22  Drone x5  
  62  6:24  Extractor  
  60  6:26  Spore Crawler  
  60  6:27  Spore Crawler, Extractor  
  60  6:30  Queen  
  55  6:40  Hydralisk Den  
  55  6:41  Zerg Missile Weapons Level 1  
  55  6:42  Glial Reconstitution  
  54  6:58  Drone x2  
  54  6:59  Drone  
  57  7:09  Hydralisk x7  
  57  7:10  Hydralisk x2  
  57  7:11  Grooved Spines  
  75  7:26  Overlord x2  
  68  8:14  Hydralisk x4  
  68  8:15  Hydralisk x6  
  68  8:19  Extractor  
  87  8:21  Spore Crawler  
  86  8:29  Drone x2  
  88  8:37  Muscular Augments  
  88  8:38  Zerg Missile Weapons Level 2  
  88  8:44  Overlord x2  
  88  9:06  Hydralisk  
  88  9:07  Hydralisk x3  
  88  9:08  Overlord x3  
  96  9:21  Roach x4  
  104  9:40  Roach  
  104  9:44  Hatchery  
  105  9:51  Extractor  
  104  10:04  Drone x2  
  104  10:05  Drone x3  
  102  11:13  Hydralisk x7  
  102  11:14  Hydralisk x6  
  102  11:15  Hydralisk x2  
  102  11:16  Overlord x3  
  112  11:33  Roach x2  
  112  11:34  Roach x2  
  120  11:44  Roach  
  88  12:19  Hydralisk x3  
  88  12:20  Hydralisk x4  
Show
View Real Time Build Order
Export as new Build Order

Nyck Terran 

Build Orders: 2 Factory 

Get SALT Encoding   

  12  0:00  SCV  
  13  0:12  SCV  
  14  0:18  Supply Depot  
  14  0:25  SCV  
  15  0:39  SCV  
  15  0:40  Barracks  
  16  0:47  Refinery  
  16  0:52  SCV  
  17  1:04  SCV  
  18  1:19  Supply Depot, SCV  
  19  1:28  Marine  
  19  1:32  Orbital Command  
  20  1:48  Marine, Factory  
  21  1:55  Refinery  
  21  1:58  SCV  
  22  2:06  Marine  
  23  2:13  SCV  
  24  2:24  Factory  
  24  2:26  SCV, Marine  
  26  2:31  Hellion  
  28  2:39  SCV  
  29  2:44  Supply Depot  
  29  2:48  Barracks Tech Lab  
  29  2:53  SCV  
  29  2:54  Factory Tech Lab  
  30  3:05  SCV  
  30  3:07  Combat Shield  
  30  3:09  Supply Depot  
  30  3:11  Factory Reactor  
  31  3:19  Infernal Pre-Igniter  
  31  3:21  SCV  
  31  3:22  Marine  
  33  3:34  Supply Depot  
  29  3:54  Hellion  
  30  3:55  Marine, Hellion  
  23  4:14  SCV  
  23  4:15  Marine  
  27  4:17  Hellion  
  27  4:26  SCV  
  26  4:33  Marine  
  26  4:37  Hellion  
  26  4:38  Hellion x2  
  33  4:41  SCV  
  34  4:53  SCV  
  34  4:54  Marauder  
  34  4:59  Hellion x2  
  43  5:00  Hellion  
  43  5:05  SCV  
  44  5:17  SCV  
  40  5:55  Marine  
  40  6:05  SCV  
  41  6:17  SCV  
  32  6:21  Marine  
  33  6:29  SCV  
  33  6:32  Cyclone, Factory Tech Lab  
  37  6:42  Factory  
  37  6:43  SCV, Factory  
  38  6:54  Mag-Field Accelerator  
  38  6:57  Marine  
  28  7:18  Cyclone  
  28  7:19  Cyclone  
  23  7:56  Command Center  
  23  7:58  SCV  
  23  8:02  Cyclone  
  23  8:03  Cyclone  
  23  8:19  SCV  
  24  8:27  Factory Tech Lab  
  24  8:31  SCV  
  25  8:35  Cyclone  
  25  8:36  Cyclone  
  31  9:07  SCV  
  32  9:14  Orbital Command  
  32  9:17  Refinery  
  32  9:19  SCV  
  32  9:31  SCV  
  32  9:34  Command Center  
  32  9:36  Cyclone  
  36  9:43  SCV  
  36  9:44  SCV  
  38  9:48  Cyclone  
  41  9:56  SCV x2  
  41  9:59  Refinery  
  43  10:08  SCV  
  43  10:09  Refinery  
  45  10:20  SCV  
  42  10:45  SCV, Cyclone  
  42  10:46  Orbital Command  
  46  10:57  SCV  
  44  11:14  Cyclone  
  44  11:15  Cyclone  
  50  11:37  Cyclone  
  53  11:47  Cyclone  
  53  12:10  Cyclone  
  34  12:38  Refinery  
Tags
 
Add a new tag
Caveats
  • Supply blocks, unpowered buildings, or Contaminate may cause inaccurate times.
  • Supply counts are checked every 10 seconds.